 Dungeon Crawl Stone Soup version 0.31-a0-152-g6aa68a64a1 (webtiles) character file.

Game seed: 16490972673982656473

95 qw the Shooter (level 4, -4/40 HPs)
             Began as a Naga Hunter on June 10, 2023.
             Slain by an orc
             ... wielding a +0 flail
              (7 damage)
             ... on level 3 of the Dungeon.
             The game lasted 00:00:36 (1650 turns).

qw the Shooter (Naga Hunter)                        Turns: 1650, Time: 00:00:37

Health: -4/40      AC: -5    Str: 13    XL:     4   Next: 65%
Magic:  4/4        EV:  9    Int:  9    God:
Gold:   171        SH:  0    Dex: 17    Spells: 3/3 levels left

rFire   . . .        Y - +0 shortbow
rCold   . . .        (shield currently unavailable)
rNeg    . . .        c - +0 leather armour
rPois   +            (no helmet)
rElec   .            (no cloak)
rCorr   .            (no gloves)
SInv    +            (no barding)
Will    .....        (no amulet)
Stlth   ++           (no ring)
HPRegen 0.26/turn    (no ring)
MPRegen 0.09/turn

%: no passive effects
@: short of breath, corroded, very slow
A: AC +1, large, see invisible, deformed body, poison resistance, slowness 2,
spit poison 1, naga tail 1
a: Spit Poison


You were on level 3 of the Dungeon.
You visited 1 branch of the dungeon, and saw 3 of its levels.

You collected 171 gold pieces.


Innate Abilities, Weirdness & Mutations

Your serpentine skin is tough. (AC +1)
You have supernaturally acute eyesight. (SInv)
Armour fits poorly on your strangely shaped body.
Your system is resistant to poisons. (rPois)
You cover ground very slowly.
You can spit poison.
You have a snake-like lower body.


   Skills:
 + Level 2.9 Fighting
 - Level 5.0 Ranged Weapons
 - Level 1.5 Dodging
 - Level 1.5 Stealth


You had 3 spell levels left.
You didn't know any spells.
Your spell library was empty.

Inventory:

Hand Weapons
 Y - a +0 shortbow (weapon)
Armour
 a - a +2 helmet
 c - a +0 leather armour (worn)
Potions
 b - a potion of attraction {unknown}
 e - a potion of might {unknown}
 f - a potion of cancellation

Dungeon Overview and Level Annotations

Branches:
Dungeon (3/15)

Altars:
Ru
The Shining One

Shops:
D:3 [


Message History

The orc closely misses you.
An orc comes into view. It is wielding a +0 flail.
1642 ||| INVOKING Spit Poison.
Aiming: Spit Poison (1% risk of failure)
Press: ? - help, Shift-Dir - straight line, f - orc The splash of poison hits the orc.
The orc is poisoned.
The orc is almost dead.
The orc closely misses you.
You shoot an arrow. The arrow barely misses the orc.
You kill the orc!
An orc comes into view. It is wielding a +0 whip.
You shoot an arrow. The orc shouts!
The arrow hits the orc.
The orc is lightly wounded.
You shoot an arrow.
The arrow hits the orc but does no damage.
The orc is lightly wounded.
The orc closely misses you. The orc misses you.
You shoot an arrow. The arrow closely misses the orc.
The orc hits you with a +0 club. The orc hits you with a +0 flail.
You shoot an arrow. The arrow hits the orc.
The orc is heavily wounded.
You have got your breath back.
The orc hits you with a +0 club. The orc barely misses you.
The orc hits you with a +0 club. The orc closely misses you.
An iguana comes into view.
1648 ||| INVOKING Spit Poison.
Aiming: Spit Poison (1% risk of failure)
Press: ? - help, Shift-Dir - straight line, f/p - orc The splash of poison hits the orc.
The orc is poisoned.
You kill the orc!
You shoot an arrow. The iguana hisses angrily.
The arrow hits the orc.
The orc is lightly wounded.
The orc closely misses you.
You shoot an arrow. The arrow barely misses the orc.
The orc hits you with a +0 flail! x2
You die...

#.#.##.# #
.##.#.##.#
!)...##.#
#...##.#
##..>##.#
#....)..#
#..###..# #..#
#@##
#...ooo..)....
#.l.####.#####
...# .# ## #


You could see an iguana and 3 orcs.

Vanquished Creatures
  A jelly (D:3)
  A worm (D:2)
  2 dart slugs
  2 orcs (D:3)
  8 ball pythons
  4 bats
  4 endoplasms
  3 giant cockroaches
  7 goblins
  4 hobgoblins (D:1)
  2 jackals (D:1)
  3 kobolds
  4 quokkas
  3 frilled lizards
  3 rats
51 creatures vanquished.

Notes
Turn   | Place    | Note
-------+----------+-------------------------------------------
     0 | D:1      | qw the Naga Hunter began the quest for the Orb.
     0 | D:1      | Reached XP level 1. HP: 19/19 MP: 1/1
     0 | D:1      | 0 ||| qw: Version: 0.2-a-122-gbc61b45
     0 | D:1      | 0 ||| qw: Game counter: 3656
     0 | D:1      | 0 ||| qw: Always use a shield: true
     0 | D:1      | 0 ||| qw: God list: Okawaru
     0 | D:1      | 0 ||| qw: Allow faded altars: false
     0 | D:1      | 0 ||| qw: Do Orc after D:15 true
     0 | D:1      | 0 ||| qw: Do second Lair branch before Depths: true
     0 | D:1      | 0 ||| qw: Lair rune preference: random
     0 | D:1      | 0 ||| qw: Plans: Normal
     0 | D:1      | 0 ||| PLANNING D:1-11
    46 | D:1      | 46 ||| INVOKING Spit Poison.
    59 | D:1      | 59 ||| INVOKING Spit Poison.
    77 | D:1      | 77 ||| INVOKING Spit Poison.
    81 | D:1      | 81 ||| INVOKING Spit Poison.
   108 | D:1      | 108 ||| INVOKING Spit Poison.
   111 | D:1      | Reached skill level 4 in Ranged Weapons
   111 | D:1      | Reached XP level 2. HP: 26/26 MP: 2/2
   136 | D:1      | 136 ||| INVOKING Spit Poison.
   154 | D:1      | 154 ||| INVOKING Spit Poison.
   160 | D:1      | 160 ||| INVOKING Spit Poison.
   173 | D:1      | 173 ||| INVOKING Spit Poison.
   223 | D:1      | 223 ||| INVOKING Spit Poison.
   256 | D:1      | 256 ||| INVOKING Spit Poison.
   316 | D:1      | 316 ||| INVOKING Spit Poison.
   318 | D:1      | Reached XP level 3. HP: 32/32 MP: 3/3
   436 | D:1      | 436 ||| INVOKING Spit Poison.
   455 | D:1      | 455 ||| INVOKING Spit Poison.
   459 | D:1      | 459 ||| INVOKING Spit Poison.
   488 | D:1      | 488 ||| INVOKING Spit Poison.
   531 | D:1      | 531 ||| DROPPING +6 ring of intelligence.
   532 | D:1      | 532 ||| READING scroll labelled POIHUV CAIFUTIR.
   533 | D:1      | 533 ||| READING scroll labelled NUJYLE SOWAGA.
   534 | D:1      | 534 ||| READING scroll labelled TODYEGG REOLOS.
   537 | D:1      | 537 ||| DRINKING 2 coppery potions.
   538 | D:1      | 538 ||| DROPPING scroll of butterflies.
   545 | D:2      | 545 ||| INVOKING Spit Poison.
   612 | D:2      | 612 ||| INVOKING Spit Poison.
   616 | D:2      | 616 ||| INVOKING Spit Poison.
   672 | D:2      | 672 ||| INVOKING Spit Poison.
   678 | D:2      | 678 ||| INVOKING Spit Poison.
   824 | D:2      | 824 ||| INVOKING Spit Poison.
   829 | D:2      | 829 ||| INVOKING Spit Poison.
   832 | D:2      | 832 ||| INVOKING Spit Poison.
   955 | D:2      | 955 ||| INVOKING Spit Poison.
   981 | D:2      | 981 ||| INVOKING Spit Poison.
  1088 | D:2      | 1088 ||| INVOKING Spit Poison.
  1181 | D:2      | 1181 ||| INVOKING Spit Poison.
  1186 | D:2      | 1186 ||| INVOKING Spit Poison.
  1228 | D:2      | 1228 ||| INVOKING Spit Poison.
  1418 | D:2      | 1418 ||| READING 2 scrolls labelled BONOELO QOCOITT.
  1419 | D:2      | 1419 ||| READING 2 scrolls labelled OCZISUDOYL.
  1420 | D:2      | 1420 ||| READING scroll labelled RAIVVE WYPH.
  1421 | D:2      | 1421 ||| DROPPING scroll of amnesia.
  1422 | D:2      | 1422 ||| DROPPING scroll of blinking.
  1447 | D:3      | Found Ergheyc's Armour Emporium.
  1474 | D:3      | 1474 ||| INVOKING Spit Poison.
  1507 | D:3      | 1507 ||| INVOKING Spit Poison.
  1509 | D:3      | Reached skill level 5 in Ranged Weapons
  1509 | D:3      | Reached XP level 4. HP: 39/39 MP: 4/4
  1510 | D:3      | 1510 ||| INVOKING Spit Poison.
  1608 | D:3      | Found a sacrificial altar of Ru.
  1609 | D:3      | Found a glowing golden altar of the Shining One.
  1635 | D:3      | 1635 ||| INVOKING Spit Poison.
  1642 | D:3      | 1642 ||| INVOKING Spit Poison.
  1648 | D:3      | 1648 ||| INVOKING Spit Poison.
  1650 | D:3      | HP: 3/40 [orc/+0 flail (10)]
  1650 | D:3      | Slain by an orc

Levels and vault maps discovered:
D:1:      nzn_arrival_depleted_hourglass, layout_rooms
D:2:      layout_loops_corners
D:3:      layout_loops_ring, mainiacjoe_overflow_divided_tiny, vehumet_crystals,
          serial_shops, nicolae_shop_rolling_square, grunt_ministairs_15

Skill      XL: |  1  2  3 |
---------------+----------+-----
Ranged Weapons | 4 5 |  5.0
Fighting       | |  2.9
Dodging        | |  1.5
Stealth        | |  1.5

Action                     |  1- 3 |  4- 6 || total
---------------------------+-------+-------++-------
   Fire: Shortbow          |    68 |    19 ||    87
Ability: Spit Poison       |    32 |     4 ||    36
    Use: Scroll            |     6 |       ||     6
         Potion            |     1 |       ||     1
 Armour: Leather armour    |     6 |       ||     6
  Dodge: Dodged            |    19 |    11 ||    30

Table legend:
 A = Non-vault XP
 B = Vault XP
 C = Vault XP percentage of total XP
 D = Non-vault monster count
 E = Vault monster count
 F = Vault count percentage of total count
                 A         B        C        D         E       F
            +---------+---------+-------+---------+---------+-------
      Total |     136 |       0 |   0.0 |      51 |       0 |   0.0
            +---------+---------+-------+---------+---------+-------
        D:1 |      45 |       0 |   0.0 |      24 |       0 |   0.0
        D:2 |      33 |       0 |   0.0 |      16 |       0 |   0.0
        D:3 |      58 |       0 |   0.0 |      11 |       0 |   0.0
            +---------+---------+-------+---------+---------+-------
